 Dungeon Crawl Stone Soup version 0.28.0 (webtiles) character file.

Game seed: 17040574947357373096

1409 mkm the Firebug (level 8, -5/41 HPs)
             Began as a Gargoyle Fire Elementalist on Feb 10, 2022.
             Slain by an ogre (16 damage)
             ... on level 6 of the Dungeon.
             The game lasted 00:26:39 (7471 turns).

mkm the Firebug (Gargoyle Fire Elementalist)        Turns: 7471, Time: 00:26:40

Health: -5/41      AC:  9    Str:  9    XL:     8   Next: 70%
Magic:  16/16      EV:  6    Int: 19    God:
Gold:   307        SH:  0    Dex: 10    Spells: 15/18 levels left

rFire   . . .      SeeInvis +   i - +1 dagger (vamp)
rCold   . . .      Faith    .   (no shield)
rNeg    + . .      Spirit   .   a - +0 robe
rPois   ∞          Reflect  .   (no helmet)
rElec   +          Harm     .   (no cloak)
rCorr   .          Rampage  .   o - +0 pair of gloves
Will    .....                   k - +0 pair of boots
Stlth   ++........              (no amulet)
HPRegen 0.13/turn               n - ring of see invisible
MPRegen 0.15/turn               (no ring)

@: held
A: sickness immunity, AC +5, negative energy resistance 1, electricity
resistance, torment resistance 1, petrification resistance, weak 1
a: no special abilities


You were on level 6 of the Dungeon.
You visited 1 branch of the dungeon, and saw 6 of its levels.

You collected 307 gold pieces.

Inventory:

Hand Weapons
 i - a +1 vampiric dagger (weapon)
Missiles
 c - 2 throwing nets
Armour
 a - a +0 robe (worn)
 k - a +0 pair of boots (worn)
 o - a +0 pair of gloves (worn)
Jewellery
 n - a ring of see invisible (left hand)
Wands
 b - a wand of iceblast (7)
 w - a wand of flame (6)
Scrolls
 d - a scroll of blinking {unknown}
 h - 2 scrolls of amnesia
 j - 3 scrolls of teleportation
 m - 2 scrolls of magic mapping {unknown}
 p - 2 scrolls of immolation {unknown}
 r - a scroll of fear {unknown}
 s - a scroll of fog {unknown}
 t - a scroll of silence {unknown}
 u - 3 scrolls of holy word {unknown}
 v - a scroll of noise {unknown}
Potions
 e - 3 potions of brilliance {unknown}
 f - a potion of curing {unknown}
 l - a potion of resistance {unknown}
 q - 3 potions of heal wounds {unknown}


   Skills:
 - Level 1.5 Dodging
 - Level 2.1 Stealth
 + Level 5.8 Spellcasting
 + Level 6.6 Conjurations
 + Level 6.7 Fire Magic


You had 15 spell levels left.
You knew the following spells:

 Your Spells              Type           Power      Damage    Failure   Level
a - Foxfire               Conj/Fire      100%       2x1d9     1%          1
b - Scorch                Fire           62%        2d8       1%          2

Your spell library contained the following spells:

 Spells                   Type           Power      Damage    Failure   Level
 Magic Dart               Conj           100%       1d8       1%          1
 Searing Ray              Conj           60%        2d6       1%          2
 Conjure Flame            Conj/Fire      30%        6-21      2%          3
 Static Discharge         Conj/Air       18%        N/A       4%          2
 Flame Wave               Conj/Fire      30%        2d8       8%          4
 Inner Flame              Hex/Fire       18%        N/A       9%          3
 Beastly Appendage        Tmut           10%        N/A       12%         1
 Mephitic Cloud           Conj/Pois/Air  13%        N/A       14%         3
 Call Imp                 Summ           5%         N/A       17%         2
 Wereblood                Tmut           5%         N/A       17%         2
 Fulminant Prism          Conj/Hex       9%         3d7       28%         4
 Spider Form              Tmut/Pois      5%         N/A       34%         3
 Tukima's Dance           Hex            5%         N/A       34%         3
 Lightning Bolt           Conj/Air       9%         1d21      63%         5
 Anguish                  Hex/Necr       2%         N/A       75%         4
 Enfeeble                 Hex            2%         N/A       100%        7
 Maxwell's Capacitive Co  Air            2%         ∞         100%        8


Dungeon Overview and Level Annotations

Branches:
Dungeon (6/15)
 Temple: D:4-7

Altars:
Gozag
Hepliaklqana
Nemelex Xobeh
Uskayaw
The Shining One


Innate Abilities, Weirdness & Mutations

You are immune to sickness and miasma.
Your stone body is resilient. (AC +5)
You are immune to poison.
You resist negative energy. (rN+)
You are resistant to electric shocks. (rElec)
You are resistant to unholy torment.
You are immune to petrification.
You are weak. (Str -2)


Message History

The gnoll closely misses you. The wyvern zombie barely misses you.
There is a stone staircase leading up here.
The gnoll barely misses you.
You climb upwards.
There is a stone staircase leading down here.
Casting: Scorch (safe; 1% risk of failure)
Confirm with . or Enter, or press ? or * to list all spells.
Flames lash the gnoll.
The gnoll is severely wounded.
The gnoll's fire resistance burns away.
The gnoll hits you with a +0 flail.
Casting: Scorch (safe; 1% risk of failure)
Confirm with . or Enter, or press ? or * to list all spells.
Flames lash the gnoll.
The gnoll is burned terribly!
You kill the gnoll!
You start resting.
Magic restored.
You start resting.
HP restored.
You climb downwards.
The wyvern zombie completely misses you.
The gnoll hits you but does no damage.
The gnoll throws a throwing net.
The throwing net hits you.
You become entangled in the net!
The wyvern zombie bites you but does no damage.
The gnoll hits you with a +0 club.
There is a stone staircase leading up here.
You see here a throwing net.
You struggle against the net.
The wyvern zombie bites you! The gnoll hits you with a +0 club.
You struggle against the net.
The wyvern zombie bites you but does no damage.
The ogre hits you with a +0 giant club.
A gnoll comes into view. It is wielding a +0 flail.
The gnoll hits you but does no damage.
A gnoll comes into view. It is wielding a +0 flail.
You struggle against the net.
The wyvern zombie bites you but does no damage.
The wyvern zombie bites you!
* * * LOW HITPOINT WARNING * * *
The gnoll hits you but does no damage. The ogre hits you with a +0 giant club!
You die...

##............##
#....##.#......[........
#....................#..
#....................###
#..........<........####
#....................##.
...........##.......!...
.......g...##.........>.
#...#@n..###...###....
#.OZ....#....###...
##g..............#.
..P.gg....#.###.##..#.
≈≈≈♣......###....##...
≈≈≈≈≈..#...# ###.......
≈.≈≈≈≈g##### #.......#
.≈≈gP≈.# #.....###
≈≈≈≈≈. #...###


You could see an ogre, a necrophage, a gnoll shaman, 5 gnolls and a wyvern
zombie.

Vanquished Creatures
  Grinder (D:6)
  Eustachio (D:5)
  A sky beast (D:5)
  A necrophage (D:5)
  2 phantoms (D:5)
  4 scorpions
  2 bullfrog zombies
  A centaur zombie (D:5)
  4 hounds
  An orc priest (D:3)
  An orc wizard (D:4)
  2 iguanas (D:5)
  A howler monkey zombie (D:5)
  4 gnolls
  7 adders
  A white imp (D:5)
  An ufetubus (D:5)
  2 worms (D:2)
  A dart slug (D:1)
  11 orcs
  5 bats
  7 endoplasms
  A giant cockroach (D:4)
  3 goblins
  2 hobgoblins
  7 jackals
  4 kobolds
  3 quokkas
  12 ball pythons
  A rat (D:1)
94 creatures vanquished.

Vanquished Creatures (others)
  308 foxfires
  A plant (D:6)
309 creatures vanquished.

Grand Total: 403 creatures vanquished

Notes
Turn   | Place    | Note
-------+----------+-------------------------------------------
     0 | D:1      | mkm the Gargoyle Fire Elementalist began the quest for the
                  | Orb.
     0 | D:1      | Reached XP level 1. HP: 10/10 MP: 3/3
   591 | D:1      | Reached XP level 2. HP: 15/15 MP: 3/5
   696 | D:1      | Found a faded altar of an unknown god.
  1274 | D:1      | Learned a level 2 spell: Scorch
  1381 | D:2      | Reached XP level 3. HP: 18/19 MP: 2/6
  2128 | D:2      | Reached XP level 4. HP: 24/24 MP: 3/8
  2843 | D:3      | Reached XP level 5. HP: 28/28 MP: 7/9
  3322 | D:3      | Found a hazy altar of Hepliaklqana.
  3779 | D:4      | Noticed a black bear
  4550 | D:4      | Reached XP level 6. HP: 18/32 MP: 1/11
  5108 | D:5      | Entered Level 5 of the Dungeon
  5198 | D:5      | Noticed Eustachio
  5280 | D:5      | Killed Eustachio
  5281 | D:5      | Reached skill level 5 in Fire Magic
  5281 | D:5      | Reached XP level 7. HP: 36/36 MP: 1/13
  5389 | D:5      | Found an opulent altar of Gozag.
  6083 | D:5      | Reached skill level 5 in Conjurations
  6596 | D:5      | Found a sparkling altar of Nemelex Xobeh.
  6600 | D:5      | Gained mutation: You are weak. (Str -2) [potion of
                  | mutation]
  6610 | D:5      | Found a glowing golden altar of the Shining One.
  6664 | D:5      | Reached skill level 5 in Spellcasting
  6664 | D:5      | Reached XP level 8. HP: 36/41 MP: 4/15
  7037 | D:6      | Found a hide-covered altar of Uskayaw.
  7123 | D:6      | Noticed Grinder
  7134 | D:6      | Paralysed by Grinder for 7 turns
  7144 | D:6      | Killed Grinder
  7471 | D:6      | Slain by an ogre

Illustrated notes

Levels and vault maps discovered:
D:1:      scummos_arrival_star, layout_basic,
          shapermc_ecumenical_altar_flowoftime, minmay_hexomino_f4
D:2:      layout_loops_ring, serial_rivers, chequers_serial_rivers_large_a,
          chequers_serial_rivers_micro_c, chequers_serial_rivers_micro_d,
          chequers_serial_rivers_room_b, eino_tiny_chamber
D:3:      layout_loops_ring, mainiacjoe_overflow_24_doors
D:4:      layout_layer_cave, grunt_ministairs_15
D:5:      layout_loops_ring, mainiacjoe_overflow_swirl, grunt_gozag_statues,
          guppyfry_early_lair_pool, uniq_eustachio
D:6:      layout_cave_pools, lemuel_doored_altar, ebering_ghost_disaster_area,
          serial_bayou_pond_b, uniq_grinder

Skill      XL: |  1  2  3  4  5  6  7  8 |
---------------+-------------------------+-----
Conjurations   | 2 3 4 5 6 |  6.6
Spellcasting   | 3 4 5 |  5.8
Fire Magic     | 4 5 6 |  6.7
Dodging        | |  1.5
Stealth        | |  2.1

Action                   |  1- 3 |  4- 6 |  7- 9 || total
-------------------------+-------+-------+-------++-------
Melee: Unarmed           |     5 |       |       ||     5
       Spear             |     7 |       |       ||     7
       Dagger            |     6 |    11 |       ||    17
 Cast: Foxfire           |    50 |    64 |    52 ||   166
       Scorch            |     2 |    22 |    28 ||    52
  Use: Scroll            |       |     3 |     2 ||     5
       Potion            |       |       |     1 ||     1
Armor: Robe              |    12 |    11 |    24 ||    47
Dodge: Dodged            |    39 |    18 |    32 ||    89
